 Dungeon Crawl Stone Soup version 0.24.0-37-gcf1ca852f1 (webtiles) character file.

Game seed: 540554536097516929, levelgen mode: deterministic

131 Delarado the Ruffian (level 5, -2/36 HPs)
             Began as an Octopode Fighter on Nov 24, 2019.
             Was a Follower of Jiyva.
             Slain by a hobgoblin
             ... wielding a +0 club
              (4 damage)
             ... on level 3 of the Dungeon.
             The game lasted 00:09:59 (3294 turns).

Delarado the Ruffian (Octopode Fighter)             Turns: 3294, Time: 00:09:59

Health: -2/36      AC:  1    Str: 16    XL:     5   Next: 14%
Magic:  5/5        EV: 11    Int: 10    God:    Jiyva [*.....]
Gold:   93         SH: 11    Dex: 12    Spells: 4/4 levels left

rFire    . . .     SeeInvis .     - Unarmed
rCold    . . .     Gourm    .   a - +1 shield
rNeg     . . .     Faith    .   (helmet restricted)
rPois    .         Spirit   .   o - +2 amulet of reflection
rElec    .         Reflect  +   (no ring)
rCorr    .         Harm     .   (no ring)
MR       .....                  (no ring)
Stlth    ++........             (no ring)
HPRegen  0.12/turn              (no ring)
MPRegen  0.09/turn              (no ring)
                                (no ring)
                                (no ring)

@: no status effects
A: almost no armour, stealthy swim, amphibious, 8 rings, constrict 8, camouflage
1, gelatinous body 1
a: Request Jelly, Renounce Religion


You were on level 3 of the Dungeon.
You worshipped Jiyva.
Jiyva was aware of your devotion.
You were not hungry.

You visited 1 branch of the dungeon, and saw 3 of its levels.

You collected 93 gold pieces.

Inventory:

Missiles
 j - 107 stones
 t - 2 poisoned darts (quivered)
Armour
 a - a +1 shield (worn)
Jewellery
 f - an uncursed ring of fire
 o - a +2 amulet of reflection (around mantle)
Wands
 q - a wand of paralysis (4)
Scrolls
 d - 3 scrolls of identify
 e - a scroll of amnesia
 k - a scroll of enchant armour
Potions
 b - a potion of might
 g - 2 potions of ambrosia {unknown}
 i - a potion of lignification
 m - 4 potions of curing {unknown}
 n - 4 potions of heal wounds {unknown}
 p - 3 potions of degeneration {unknown}
Comestibles
 c - 6 rations


   Skills:
 - Level 3.0 Fighting
 - Level 3.0 Dodging
 - Level 3.0 Shields
 + Level 5.2 Unarmed Combat


You had 4 spell levels left.
You didn't know any spells.
Your spell library was empty.

Dungeon Overview and Level Annotations

Branches:
Dungeon (3/15)

Altars:
Elyvilon
Qazlal
Jiyva


Innate Abilities, Weirdness & Mutations

You cannot wear most types of armour.
You are very stealthy in the water. (Stealth+)
You are amphibious.
You can wear up to eight rings at the same time.
You can use your tentacles to constrict eight enemies at once.
Your skin changes colour to match your surroundings (Stealth+).
Your rubbery body absorbs attacks. (AC +1, EV +1)


Message History

Jiyva appreciates your sacrifice. You block the hobgoblin's attack.
The hobgoblin closely misses you.
The hobgoblin hits you but does no damage.
The hobgoblin hits you with a +0 club. The hobgoblin barely misses you.
You block the hobgoblin's attack. The hobgoblin hits you with a +0 club.
The hobgoblin hits you with a +0 club.
* * * LOW HITPOINT WARNING * * *
You block the hobgoblin's attack. You block the hobgoblin's attack.
The hobgoblin closely misses you. The hobgoblin hits you with a +0 club.
* * * LOW HITPOINT WARNING * * *
The hobgoblin hits you but does no damage.
The hobgoblin hits you with a +0 club.
* * * LOW HITPOINT WARNING * * *
The hobgoblin hits you with a +0 club.
You die...

#.##..... #.####### #.#
#.# ##
##########.######.
#.................
#######.########.######.
#...........# #.# ##
#.#####@###.# #.#######
#g# #.......# #.#
#######.# ..# #.# ###
#.# #####.# #....#.
#.###.# #.# #.#


You could see a hobgoblin.

Vanquished Creatures
  6 adders
  An ooze (D:2)
  A worm (D:2)
  3 dart slugs
  A leopard gecko (D:3)
  An orc (D:3)
  5 giant cockroaches
  5 goblins
  6 hobgoblins
  9 bats
  3 frilled lizards
  8 kobolds
  16 rats
65 creatures vanquished.

Notes
Turn   | Place    | Note
-------+----------+-------------------------------------------
     0 | D:1      | Delarado the Octopode Fighter began the quest for the Orb.
     0 | D:1      | Reached XP level 1. HP: 16/16 MP: 1/1
   399 | D:1      | Reached XP level 2. HP: 21/21 MP: 2/2
   607 | D:1      | Reached skill level 3 in Unarmed Combat
   875 | D:1      | Reached XP level 3. HP: 26/26 MP: 3/3
  1482 | D:2      | Reached skill level 4 in Unarmed Combat
  1503 | D:2      | Found a white marble altar of Elyvilon.
  1646 | D:2      | Reached XP level 4. HP: 24/31 MP: 4/4
  2611 | D:2      | Found a stormy altar of Qazlal.
  2796 | D:3      | Reached skill level 5 in Unarmed Combat
  2898 | D:3      | Reached XP level 5. HP: 36/36 MP: 5/5
  3053 | D:3      | Found a faded altar of an unknown god.
  3070 | D:3      | Became a worshipper of Jiyva Joony the Shapeless
  3070 | D:3      | Reached * piety under Jiyva
  3294 | D:3      | Slain by a hobgoblin

Levels and vault maps discovered:
D:1:      elethiomel_arrival_infinity_welcomes_careful_drivers, layout_rooms,
          minmay_close_crescents
D:2:      minmay_inner_zag, layout_loops_corners, elyvilon_altar_3,
          marbit_many_paths, first_ration, minmay_misc_feat_secret_circle,
          minmay_misc_feat_encased, kennysheep_generic_room_3
D:3:      layout_loops_ring, chequers_ecumenical_altar_simple

Skill      XL: |  1  2  3  4 |
---------------+-------------+-----
Unarmed Combat | 3 4 5 |  5.2
Fighting       | |  3.0
Dodging        | |  3.0
Shields        | |  3.0

Action                   |  1- 3 |  4- 6 || total
-------------------------+-------+-------++-------
Melee: Unarmed           |    65 |    48 ||   113
       Constrict         |    14 |    11 ||    25
       Tentacles         |    12 |     6 ||    18
Throw: Stone             |    10 |     3 ||    13
       Dart              |    24 |    40 ||    64
  Use: Scroll            |       |     8 ||     8
 Stab: Sleeping          |     3 |     1 ||     4
  Eat: Chunk             |     2 |     5 ||     7
Armor: Skin              |     9 |    10 ||    19
Dodge: Dodged            |    17 |    46 ||    63
Block: Shield            |    24 |    80 ||   104
       Reflection        |       |     3 ||     3
